 Dungeon Crawl Stone Soup version 0.26-a0-1191-ge2a0e31ab3 (webtiles) character file.

Game seed: 9711713767557647291

543 Azzok the Shield-Bearer (level 7, 23/54 HPs)
             Began as a Demonspawn Fighter on Dec 28, 2020.
             Was an Initiate of Okawaru.
             Quit the game on level 4 of the Dungeon.
             The game lasted 00:05:29 (5478 turns).

Azzok the Shield-Bearer (Demonspawn Fighter)        Turns: 5478, Time: 00:05:30

Health: 23/54      AC:  7    Str: 18    XL:     7   Next: 6%
Magic:  8/8        EV:  9    Int: 10    God:    Okawaru [......]
Gold:   297        SH:  0    Dex: 12    Spells: 6/6 levels left

rFire    . . .     SeeInvis +   a - +0 war axe
rCold    . . .     Faith    .   (no shield)
rNeg     . . .     Spirit   .   b - +0 scale mail
rPois    +         Reflect  .   (helmet restricted)
rElec    .         Harm     .   (no cloak)
rCorr    .         Rampage  .   y - +0 pair of gloves
Will     .....                  (no boots)
Stlth    ..........             (no amulet)
HPRegen  0.18/turn              w - ring of poison resistance
MPRegen  0.11/turn              u - ring of see invisible

@: no status effects
A: antennae 2, demonic guardian 1
a: Renounce Religion


You were on level 4 of the Dungeon.
You worshipped Okawaru.
Okawaru was noncommittal.
You visited 2 branches of the dungeon, and saw 5 of its levels.

You collected 297 gold pieces.

Inventory:

Hand Weapons
 a - a +0 war axe (weapon)
Missiles
 r - 7 javelins
 t - 15 poisoned darts (quivered)
Armour
 b - a +0 scale mail (worn)
 c - a +0 kite shield
 y - a +0 pair of gloves (worn)
Jewellery
 m - an uncursed ring of positive energy
 u - a ring of see invisible (right hand)
 w - a ring of poison resistance (left hand)
Scrolls
 f - 11 scrolls of identify {unknown}
 g - 3 scrolls of teleportation {unknown}
 j - 2 scrolls of magic mapping {unknown}
 n - a scroll of random uselessness {unknown}
 p - a scroll of enchant weapon {unknown}
 q - 4 scrolls of remove curse {unknown}
 v - a scroll of blinking {unknown}
 x - a scroll of noise {unknown}
 z - a scroll of fog {unknown}
Potions
 d - a potion of might
 e - 2 potions of curing {unknown}
 h - 3 potions of brilliance {unknown}
 i - a potion of attraction {unknown}
 k - a potion of ambrosia {unknown}
 l - a potion of experience {unknown}
 o - a potion of lignification {unknown}
 s - 2 potions of mutation {unknown}


   Skills:
 - Level 4.0 Fighting
 + Level 4.0 Axes
 + Level 2.7 Throwing
 - Level 3.0 Armour
 + Level 4.5 Shields
 + Level 2.3 Invocations


You had 6 spell levels left.
You didn't know any spells.
Your spell library contained the following spells:

 Spells                   Type           Power        Failure   Level
 Animate Skeleton         Necr           0%           75%         1
 Apportation              Tloc           0%           75%         1
 Corona                   Hex            0%           75%         1
 Summon Small Mammal      Summ           0%           75%         1


Dungeon Overview and Level Annotations

Branches:
Dungeon (4/15)             Temple (1/1) D:4

Altars:
Ashenzari
Cheibriados
Elyvilon
Fedhas
Makhleb
Okawaru
Sif Muna
Vehumet
Wu Jian
Xom
Yredelemnul


Innate Abilities, Weirdness & Mutations

You have a pair of antennae on your head.
A weak demonic guardian rushes to your aid.


Message History

The wyvern bites you.
You slash the wyvern!
The wyvern is heavily wounded.
The wyvern hisses menacingly.
The wyvern bites you. The wyvern barely misses you.
You hit the wyvern but do no damage.
The wyvern is heavily wounded.
The wyvern bites you! x2
You slash the wyvern!
The wyvern is severely wounded.
The wyvern closely misses you. The wyvern bites you.
You hit the wyvern.
You kill the wyvern!
Okawaru accepts your kill.
Your Axes skill increases to level 4!
Your Invocations skill increases to level 2!
You have reached level 7!
Your demonic ancestry asserts itself...
You feel the presence of a demonic guardian.
Are you sure you want to abandon this character and quit the game? (Confirm with "yes".)

▒▒▒▒▒·▒·▒▒▒▒▒ ▒·▒ ▒
▒·····▒·▒ ▒▒ ▒·▒ ▒
▒·▒▒▒▒▒·▒··· ▒·▒ ▒
▒▒··▒▒▒▒·▒·▒▒ ▒·▒
▒············ ▒·▒
▒▒··▒▒▒▒·▒·▒· ▒·▒
▒········▒ ▒·▒
▒▒·▒·····▒·▒▒▒▒▒▒▒▒▒▒▒▒·▒
▒········▒····(@········▒
▒▒▒▒▒▒<▒·▒▒▒▒▒▒▒▒▒▒▒▒▒▒▒▒
▒··········▒ ▒·▒▒▒▒▒▒▒▒·▒
▒·▒▒▒▒▒▒▒▒·▒ ▒··········▒
▒▒▒▒▒▒▒▒▒▒▒▒


There were no monsters in sight!

Vanquished Creatures
  A wyvern (D:4)
  A scorpion (D:4)
  2 orc wizards
  A bullfrog skeleton (D:4)
  An orc priest (D:3)
  An iguana (D:4)
  A hound skeleton (D:4)
  A howler monkey skeleton (D:4)
  7 adders
  2 oozes
  An adder skeleton (D:4)
  4 worms
  A dart slug (D:2)
  2 leopard geckos
  9 orcs
  2 ball pythons (D:3)
  8 bats
  6 giant cockroaches
  12 goblins
  9 hobgoblins
  7 jackals
  7 kobolds
  A quokka (D:2)
  7 frilled lizards
  9 rats
103 creatures vanquished.

Notes
Turn   | Place    | Note
-------+----------+-------------------------------------------
     0 | D:1      | Azzok the Demonspawn Fighter began the quest for the Orb.
     0 | D:1      | Reached XP level 1. HP: 18/18 MP: 1/1
   197 | D:1      | Gained mutation: You have a pair of small antennae on your
                  | head. [demonic ancestry]
   197 | D:1      | Reached XP level 2. HP: 21/24 MP: 2/2
   997 | D:2      | Reached XP level 3. HP: 24/29 MP: 3/3
  1365 | D:2      | Reached XP level 4. HP: 34/37 MP: 4/4
  2622 | D:3      | Reached skill level 1 in Throwing
  2622 | D:3      | Reached XP level 5. HP: 11/42 MP: 5/5
  4228 | D:4      | Gained mutation: You have a pair of antennae on your head.
                  | [demonic ancestry]
  4228 | D:4      | Reached XP level 6. HP: 39/48 MP: 6/6
  4351 | D:4      | Found a staircase to the Ecumenical Temple.
  4367 | Temple   | Entered the Ecumenical Temple
  4468 | Temple   | Became a worshipper of Warmaster Okawaru
  4865 | D:4      | Reached skill level 1 in Invocations
  5097 | D:4      | Found a broken altar of Ashenzari.
  5470 | D:4      | Noticed a wyvern
  5477 | D:4      | Killed a wyvern
  5478 | D:4      | Gained mutation: A weak demonic guardian rushes to your
                  | aid. [demonic ancestry]
  5478 | D:4      | Reached XP level 7. HP: 23/54 MP: 8/8
  5478 | D:4      | Quit the game

Illustrated notes

Levels and vault maps discovered:
D:1:      roderic_crossed_star, layout_basic, minmay_worlds_worst_comb
D:2:      layout_basic, minmay_pentomino_w2
D:3:      layout_basic
D:4:      layout_basic, old_standard_altar, minmay_temple_entry_offerings,
          yredelemnul_altar_generic
Temple:   regret_index_temple_sphere_string

Skill      XL: |  1  2  3  4  5  6 |
---------------+-------------------+-----
Axes           | 2 3 4 |  4.0
Armour         | 3 |  3.0
Shields        | 3 4 |  4.5
Fighting       | 4 |  4.0
Throwing       | 1 2 |  2.7
Invocations    | 2 |  2.3

Action                   |  1- 3 |  4- 6 |  7- 9 || total
-------------------------+-------+-------+-------++-------
Melee: War axe           |   106 |   276 |       ||   382
Throw: Dart              |       |     1 |       ||     1
Armor: Scale mail        |    57 |   158 |       ||   215
Dodge: Dodged            |    63 |   167 |       ||   230

Table legend: (Time is in decaauts)
 A = Elapsed time spent in this place.
 B = Non-inter-level travel time spent in this place.
 C = Inter-level travel time spent in this place.
 D = Time resting spent in this place.
 E = Time spent auto-exploring this place.
 F = Levels seen in this place.
 G = Mean time per level.
                   A        B        C        D        E       F      G
               +--------+--------+--------+--------+--------+-----+--------+
         Total |   5619 |   5543 |     76 |   1046 |   3425 |   5 | 1123.8 |
       Dungeon |   5492 |   5441 |     51 |   1046 |   3356 |   4 | 1373.0 |
        Temple |    126 |    101 |     25 |      0 |     69 |   1 |  126.0 |
               +--------+--------+--------+--------+--------+-----+--------+

Top non-repeatable levels by time:
     D:2: 1746 daAuts
     D:3: 1510 daAuts
     D:4: 1241 daAuts
     D:1: 994 daAuts
  Temple: 126 daAuts
